Map: Nightscape LE

Players

qqq

  • Race: Zerg Zerg
  • League: Platinum
  • Spawn Location: 7:00

Massa

  • Race: Terran Terran
  • League: Platinum
  • Spawn Location: 7:00

Prymuh - Winner!

  • Race: Zerg Zerg
  • League: Diamond
  • Spawn Location: 1:00

Sakato - Winner!

  • Race: Zerg Zerg
  • League: Diamond
  • Spawn Location: 1:00

VOD

Have the link to the VOD?

Description

Time

  • Played on: Dec. 10, 2020, 1:55 p.m.
  • Length: 11:01
Show
View Real Time Build Order
Export as new Build Order

qqq Zerg 

Build Orders: Hatch First 

Get SALT Encoding   

  12  0:01  Drone  
  13  0:09  Drone  
  14  0:20  Overlord  
  14  0:48  Hatchery  
  13  0:50  Extractor  
  13  0:53  Drone  
  13  0:54  Drone  
  14  1:00  Drone  
  15  1:14  Drone  
  16  1:31  Drone x2  
  18  1:32  Spawning Pool  
  17  1:40  Drone  
  18  1:53  Extractor  
  17  1:55  Drone  
  17  2:00  Drone  
  19  2:02  Drone  
  20  2:12  Drone  
  20  2:14  Overlord  
  21  2:20  Zergling x2  
  21  2:21  Queen  
  24  2:25  Spine Crawler  
  24  2:26  Drone  
  24  2:33  Spine Crawler  
  24  2:36  Zergling x2  
  24  2:43  Zergling x2  
  25  2:53  Zergling x2  
  25  2:54  Spine Crawler  
  25  3:06  Zergling x2  
  25  3:10  Metabolic Boost  
  26  3:18  Zergling x2  
  27  3:20  Zergling x6  
  27  3:23  Lair  
  30  3:29  Queen  
  30  3:32  Drone  
  33  3:52  Zergling x4  
  33  3:53  Zergling x2  
  36  3:56  Overlord x2  
  30  4:26  Drone  
  30  4:27  Drone x2, Queen  
  33  4:31  Drone x2  
  33  4:32  Spire  
  34  4:39  Drone  
  34  4:42  Drone  
  36  4:46  Extractor  
  36  4:49  Drone  
  36  4:52  Drone  
  36  5:18  Zergling x8  
  36  5:19  Drone x2  
  37  5:34  Drone x2  
  39  5:35  Extractor  
  39  5:36  Extractor  
  39  5:38  Drone  
  39  5:39  Overlord x3  
  38  5:44  Drone  
  38  5:45  Hatchery  
  38  5:55  Drone  
  39  6:09  Hatchery  
  38  6:12  Mutalisk x4  
  38  6:13  Mutalisk  
  48  6:19  Zerg Flyer Weapons Level 1  
  48  6:28  Drone x4  
  48  6:32  Mutalisk  
  53  6:43  Mutalisk  
  53  6:46  Drone x3  
  56  7:06  Mutalisk x3  
  63  7:08  Drone x3  
  65  7:22  Drone x2  
  67  7:23  Drone  
  67  7:27  Hatchery  
  63  7:47  Mutalisk x2  
  63  7:48  Mutalisk x2  
  71  8:10  Mutalisk x2  
  75  8:30  Drone  
  75  8:31  Baneling Nest  
  75  8:33  Overlord x3  
  75  8:34  Overlord x2  
  75  8:39  Zerg Flyer Armor Level 1, Infestation Pit  
  74  8:42  Drone  
  75  9:03  Mutalisk x3  
  81  9:15  Hatchery  
  78  9:28  Hatchery  
  78  9:31  Hatchery  
  76  9:59  Mutalisk x3  
  80  10:00  Mutalisk x2  
Show
View Real Time Build Order
Export as new Build Order

Massa Terran 

Build Orders:  

Get SALT Encoding   

  12  0:00  SCV  
  13  0:17  Supply Depot  
  13  0:18  SCV  
  14  0:30  SCV  
  15  0:39  Barracks  
  15  0:43  Refinery  
  15  0:45  SCV  
  16  0:57  SCV  
  17  1:09  SCV  
  18  1:20  Refinery  
  18  1:21  SCV  
  19  1:29  Marine  
  20  1:35  Supply Depot  
  20  1:45  Factory  
  20  1:49  SCV  
  21  2:05  Barracks  
  21  2:08  Supply Depot  
  21  2:11  Supply Depot  
  21  2:12  Marine  
  22  2:27  Orbital Command  
  21  2:30  Marine  
  21  2:36  Hellion  
  20  2:48  Marine  
  21  2:53  Marine  
  22  3:11  Marine  
  22  3:12  Marine  
  23  3:28  Marine  
  23  3:30  Marine  
  25  3:40  Hellion  
  27  3:42  SCV  
  27  3:46  Marine  
  27  3:47  Engineering Bay  
  27  3:48  Marine  
  29  3:54  SCV  
  31  4:01  Hellion, Bunker  
  33  4:06  SCV  
  34  4:13  Marine  
  34  4:14  Marine  
  36  4:23  Hellion  
  38  4:43  Marine  
  38  4:44  Hellion, Marine  
  42  4:54  SCV  
  43  5:01  Marine x2  
  43  5:06  Hellion  
  47  5:07  Command Center  
  37  5:47  Missile Turret  
  37  5:49  Starport  
  37  5:50  Terran Infantry Weapons Level 1  
  37  5:55  Marine  
  38  6:11  Marine  
  38  6:13  Factory Tech Lab, Marine  
  40  6:20  Orbital Command  
  40  6:23  Missile Turret  
  40  6:24  Bunker  
  40  6:28  Armory  
  40  6:29  Marine  
  40  6:31  Marine  
  25  6:45  Hellion  
  25  6:47  Marine  
  23  6:49  Marine  
  25  7:04  Marine  
  25  7:06  Marine, Siege Tank  
  28  7:12  SCV  
  30  7:15  SCV  
  30  7:21  Medivac  
  30  7:22  Marine  
  33  7:39  Marine  
  33  7:40  Marine  
  33  7:42  Bunker  
  35  7:47  Siege Tank  
  38  7:54  SCV  
  38  7:55  SCV  
  38  7:57  Marine  
  38  7:58  Marine  
  42  8:00  Barracks  
  42  8:06  SCV  
  42  8:07  SCV  
  42  8:10  Liberator  
  47  8:13  Bunker  
  47  8:15  Marine  
  47  8:16  Marine  
  47  8:19  SCV  
  50  8:21  Terran Infantry Armor Level 1  
  50  8:25  Engineering Bay  
  50  8:28  SCV  
  50  8:31  SCV  
  52  8:34  Marine x2  
  52  8:38  Siege Tank  
  52  8:40  SCV  
  58  8:43  SCV  
  59  8:52  Marine  
  59  8:53  SCV  
  59  8:55  SCV  
  62  8:56  Missile Turret  
  62  9:00  Barracks Tech Lab  
  62  9:06  Barracks  
  62  9:11  Supply Depot  
  62  9:13  Supply Depot  
  62  9:19  Supply Depot  
  62  9:32  SCV  
  62  9:33  SCV  
  63  9:44  SCV  
  63  9:45  SCV  
  64  9:51  Marauder, Marine x2  
  68  9:55  Barracks Reactor  
  68  9:57  SCV x2  
  70  10:01  Command Center  
  70  10:06  Missile Turret  
  70  10:09  Marine x2  
  70  10:12  Marauder  
  74  10:27  Marine x2  
  67  10:34  Marauder  
  49  10:41  Marine  
  49  10:42  Marine  
Show
View Real Time Build Order
Export as new Build Order

Prymuh Zerg - Winner!

Build Orders: Hatch First 

Get SALT Encoding   

  12  0:00  Drone  
  13  0:12  Overlord  
  13  0:16  Drone  
  14  0:30  Drone x2  
  16  0:50  Hatchery  
  16  0:51  Drone  
  16  0:54  Extractor  
  15  0:57  Drone  
  16  1:13  Spawning Pool  
  16  1:14  Drone  
  16  1:17  Drone  
  17  1:22  Drone  
  18  1:28  Drone  
  19  1:38  Overlord  
  19  1:59  Queen  
  21  2:01  Pneumatized Carapace  
  21  2:02  Zergling x2  
  21  2:06  Drone  
  21  2:07  Drone  
  24  2:11  Drone  
  24  2:15  Drone  
  26  2:21  Drone  
  27  2:24  Drone  
  28  2:34  Drone x2  
  30  2:48  Drone x2  
  32  2:51  Queen  
  32  2:54  Hatchery  
  33  3:01  Zergling x4  
  33  3:04  Drone  
  35  3:07  Drone  
  35  3:09  Evolution Chamber  
  35  3:12  Overlord  
  35  3:14  Drone  
  36  3:25  Overlord  
  36  3:30  Queen  
  36  3:32  Drone  
  36  3:33  Drone x3, Extractor  
  41  3:36  Zerg Missile Weapons Level 1  
  41  3:39  Drone  
  42  3:44  Drone x3  
  42  3:46  Drone  
  46  3:49  Drone  
  47  4:06  Queen  
  47  4:07  Overlord  
  49  4:11  Drone  
  49  4:12  Drone x4  
  49  4:16  Hatchery  
  53  4:19  Drone, Roach Warren  
  53  4:22  Drone  
  54  4:27  Overlord  
  54  4:28  Drone x2  
  54  4:29  Drone  
  55  4:42  Drone  
  55  4:43  Drone x3, Extractor  
  58  4:53  Drone  
  58  4:54  Drone x3, Extractor  
  58  4:58  Roach  
  58  4:59  Roach x5  
  73  5:01  Overlord  
  73  5:05  Roach  
  71  5:10  Roach x2  
  59  5:22  Drone  
  59  5:23  Drone x8  
  65  5:33  Drone  
  65  5:34  Drone x4  
  69  5:45  Drone x2  
  69  5:46  Drone x4  
  69  5:47  Drone  
  76  5:55  Drone x2  
  78  5:58  Drone x2  
  78  6:00  Queen  
  78  6:02  Lair  
  82  6:05  Zerg Ground Armor Level 1  
  82  6:09  Overlord  
  82  6:12  Drone x3  
  82  6:13  Extractor  
  82  6:16  Overlord  
  84  6:18  Roach  
  84  6:19  Roach  
  84  6:24  Overlord x2  
  88  6:27  Overlord  
  88  6:33  Overlord  
  88  6:39  Roach  
  98  6:40  Roach x6  
  102  6:47  Roach  
  102  6:48  Roach x4  
  102  6:54  Drone, Spore Crawler  
  111  6:57  Spore Crawler x2  
  110  7:02  Spore Crawler x2  
  110  7:05  Spore Crawler  
  110  7:08  Overlord  
  107  7:12  Drone  
  107  7:13  Drone  
  107  7:15  Spore Crawler  
  108  7:16  Drone x3, Spore Crawler x2  
  108  7:17  Drone  
  108  7:19  Drone  
  108  7:20  Hydralisk Den  
  110  7:25  Drone  
  110  7:26  Drone x2  
  110  7:28  Drone x3, Extractor  
  115  7:30  Drone x3  
  116  7:48  Glial Reconstitution  
  115  7:52  Overlord  
  115  7:58  Hydralisk x8  
  113  7:59  Hydralisk x3  
  135  8:07  Overlord x2  
  133  8:14  Hydralisk  
  133  8:15  Hydralisk x3  
  133  8:19  Overlord x2  
  139  8:26  Roach  
  147  8:27  Roach x4  
  147  8:28  Overlord  
  149  8:36  Queen  
  149  8:37  Hydralisk  
  149  8:39  Hydralisk  
  155  8:49  Drone x3, Extractor  
  155  8:51  Metabolic Boost  
  155  8:54  Zergling x12  
  155  8:55  Zergling x18  
  172  8:58  Zergling x2  
  173  9:04  Zergling x2  
  173  9:08  Zergling x6  
  177  9:12  Zergling x2  
  178  9:17  Hydralisk x3  
  178  9:20  Overlord x4  
  178  9:22  Overlord  
  170  9:42  Zergling x12  
  170  9:43  Zergling x10  
  179  9:46  Queen  
  179  9:50  Zergling x4  
  179  9:51  Zergling x12  
  189  9:55  Zergling x2  
  189  9:59  Zergling x2  
  192  10:00  Zergling x2  
  192  10:05  Drone  
  192  10:06  Zergling x2  
  197  10:07  Zergling x6  
  197  10:13  Zergling x4  
  195  10:28  Zergling x2  
  172  10:29  Zergling x22  
  173  10:37  Hydralisk  
Show
View Real Time Build Order
Export as new Build Order

Sakato Zerg - Winner!

Build Orders: 1 Base Baneling Bust, Pool First 

Get SALT Encoding   

  12  0:04  Drone  
  13  0:09  Drone  
  14  0:28  Spawning Pool  
  13  0:29  Extractor  
  13  0:32  Drone  
  13  0:35  Drone  
  14  0:46  Extractor  
  14  0:47  Drone  
  15  0:50  Overlord  
  15  1:16  Zergling x2  
  15  1:17  Zergling x4  
  18  1:33  Queen, Zergling x2  
  21  1:44  Zergling x2  
  21  1:46  Metabolic Boost  
  22  1:53  Overlord  
  22  2:00  Baneling Nest  
  22  2:01  Zergling x2  
  22  2:12  Zergling x2  
  23  2:21  Zergling x2  
  24  2:33  Spine Crawler  
  23  2:38  Zergling x2  
  18  3:17  Zergling x6  
  18  3:18  Zergling x6  
  22  3:36  Hatchery, Zergling x2  
  22  3:45  Baneling x2  
  22  3:46  Zergling x2  
  23  3:52  Drone  
  23  3:55  Drone  
  25  4:00  Baneling  
  25  4:01  Baneling  
  25  4:02  Baneling  
  19  4:30  Zergling x8  
  19  4:31  Zergling x2  
  21  4:45  Drone x2  
  23  4:47  Lair  
  22  5:08  Zergling x4  
  22  5:09  Zergling x4  
  26  5:26  Zergling x2  
  26  5:27  Zergling x8  
  31  5:38  Zergling x4  
  33  5:47  Zergling x4  
  35  5:59  Overlord x2  
  30  6:14  Baneling x2  
  30  6:15  Baneling x3  
  30  6:19  Drone x2  
  30  6:20  Drone  
  29  6:48  Drone x5  
  29  6:49  Drone  
  27  7:08  Drone x2  
  27  7:09  Drone x3  
  27  7:12  Spore Crawler  
  31  7:31  Spore Crawler  
  30  7:50  Extractor, Spore Crawler  
  28  7:51  Extractor  
  28  7:54  Spore Crawler, Spire  
  28  7:55  Spore Crawler  
  28  7:56  Extractor  
  28  7:58  Drone x4, Spore Crawler  
  24  7:59  Drone x2  
  28  8:06  Spore Crawler  
  28  8:12  Drone x2  
  29  8:15  Drone  
  29  8:17  Drone  
  31  8:25  Drone x2  
  33  8:31  Drone  
  34  8:42  Drone  
  34  8:43  Drone  
  34  8:48  Drone x3  
  39  8:54  Drone  
  40  9:12  Corruptor x3  
  40  9:15  Corruptor  
  46  9:28  Spire  
  46  9:30  Spore Crawler  
  42  9:32  Spore Crawler  
  42  9:33  Spore Crawler  
  42  9:34  Drone x2  
  42  9:53  Drone x3  
  42  9:54  Drone x2  
  47  10:01  Overseer  
  47  10:03  Pneumatized Carapace  
  43  10:23  Overlord x2  
  43  10:32  Spore Crawler  
  54  11:00  Spore Crawler  
Tags
 
Add a new tag
Caveats
  • Supply blocks, unpowered buildings, or Contaminate may cause inaccurate times.
  • Supply counts are checked every 10 seconds.